 Dungeon Crawl Stone Soup version 0.29-a0-664-gff9cad4a3d (webtiles) character file.

Game seed: 10865235938342064575

341 zishaf the Skirmisher (level 6, -6/67 HPs)
             Began as an Ogre Cinder Acolyte on June 22, 2022.
             Was a High Priest of Ignis.
             Mangled by a kobold brigand
             ... wielding a +0 club
              (8 damage)
             ... on level 5 of the Dungeon.
             The game lasted 00:05:45 (4759 turns).

zishaf the Skirmisher (Ogre Cinder Acolyte)         Turns: 4759, Time: 00:05:46

Health: -6/67      AC:  3    Str: 21    XL:     6   Next: 56%
Magic:  1/10       EV:  9    Int: 15    God:    Ignis [*****.]
Gold:   186        SH:  0    Dex:  4    Spells: 9/11 levels left

rFire   + . .      SeeInvis .   a - +2 whip (elec)
rCold   . . .      Faith    .   (no shield)
rNeg    . . .      Spirit   .   b - +0 robe
rPois   .          Reflect  .   (helmet restricted)
rElec   .          Harm     .   (no cloak)
rCorr   .          Rampage  .   (gloves unavailable)
Will    +....                   (boots unavailable)
Stlth   +.........              (no amulet)
HPRegen 0.21/turn               s - ring of willpower
MPRegen 0.12/turn               (no ring)

@: no status effects
A: large, unfitting armour, tough skin 1
a: Renounce Religion, Fiery Armour, Foxfire Swarm, Rising Flame


You were on level 5 of the Dungeon.
You worshipped Ignis.
Ignis was extremely pleased with you.
You visited 1 branch of the dungeon, and saw 5 of its levels.

You collected 186 gold pieces.

Inventory:

Hand Weapons
 a - a +2 whip of electrocution (weapon)
 n - a -1 mace of flaming
 u - the +7 staff of the Meek {protect, meekguard}
   (You found it on level 4 of the Dungeon)

   It grants its wielder temporary protection when it strikes (+7 to AC).
   It provides extra protection to wielders with little health.
Missiles
 c - 2 silver boomerangs (quivered)
Armour
 b - a +0 robe (worn)
Jewellery
 s - a ring of willpower (left hand)
Scrolls
 d - 2 scrolls of amnesia {unknown}
 f - 3 scrolls of fear {unknown}
 g - a scroll of immolation {unknown}
 h - 2 scrolls of identify {unknown}
 l - 2 scrolls of teleportation {unknown}
 t - a scroll of vulnerability {unknown}
Potions
 e - 2 potions of invisibility {unknown}
 i - 3 potions of mutation {unknown}
 j - a potion of flight {unknown}
 k - 2 potions of attraction {unknown}
 m - a potion of lignification {unknown}
 o - a potion of heal wounds {unknown}
 p - a potion of brilliance {unknown}
 q - 2 potions of haste {unknown}
 r - 2 potions of degeneration {unknown}


   Skills:
 + Level 5.9 Fighting
 + Level 4.1 Maces & Flails
 - Level 3.0 Spellcasting
 + Level 4.1 Fire Magic


You had 9 spell levels left.
You knew the following spells:

 Your Spells              Type           Power      Damage    Failure   Level
A - Scorch                Fire           28%        2d6       5%          2

Your spell library contained the following spells:

 Spells                   Type           Power      Damage    Failure   Level


Dungeon Overview and Level Annotations

Branches:
Dungeon (5/15)
 Temple: D:4-7

Altars:
Kikubaaqudgha
Nemelex Xobeh
Vehumet
Beogh

Shops:
D:3 [


Innate Abilities, Weirdness & Mutations

You are too large for most types of armour.
You have tough skin. (AC +1)


Message History

The stone hits the kobold brigand but does no damage.
The kobold brigand hits you with a +0 club.
You hit the kobold. Lightning courses through the kobold!
You kill the kobold!
The kobold brigand hits you with a +0 club!
You hit the kobold brigand but do no damage.
The kobold brigand is heavily wounded.
The kobold brigand hits you with a +0 club!
* * * LOW HITPOINT WARNING * * *
You hit the kobold brigand.
The kobold brigand is severely wounded.
The kobold brigand closely misses you.
The kobold brigand hits you with a +0 club.
* * * LOW HITPOINT WARNING * * *
Casting: Scorch (safe; 5% risk of failure)
Confirm with . or Enter, or press ? or * to list all spells.
Flames lash the kobold.
You kill the kobold!
The kobold brigand hits you with a +0 club!
* * * LOW HITPOINT WARNING * * *
Casting: Scorch (safe; 5% risk of failure)
Confirm with . or Enter, or press ? or * to list all spells.
Flames lash the kobold brigand.
The kobold brigand is severely wounded.
The kobold brigand's fire resistance burns away.
You feel yourself speed up.
The kobold brigand hits you but does no damage.
The kobold brigand hits you with a +0 club.
* * * LOW HITPOINT WARNING * * *
Casting: Scorch (safe; 5% risk of failure)
Confirm with . or Enter, or press ? or * to list all spells.
Flames lash the kobold brigand.
The kobold brigand is burned terribly!
The kobold brigand is almost dead.
The kobold brigand hits you with a +0 club.
* * * LOW HITPOINT WARNING * * *
Unknown command.
You hit the kobold brigand.
The kobold brigand is almost dead.
The kobold brigand hits you with a +0 club!
You die...

#........#
#.#####..#
#........#
##.#####..#
#.##.).).....#
#....)#####..#
#####.......##.#
#)#####....#
#.)K@)..##
........#####.#
.......). ..#
.######.#K ##
#.#.# #K# # #K#
#K#


You could see a kobold brigand (combustible).

Vanquished Creatures
  An ogre (D:4)
  A hound (D:4)
  An orc priest (D:4)
  2 iguanas (D:4)
  6 adders
  A dart slug (D:1)
  9 orcs
  8 ball pythons
  9 endoplasms
  3 giant cockroaches
  10 goblins
  4 hobgoblins
  2 jackals (D:2)
  14 kobolds
  5 quokkas
  3 bats (D:1)
  A frilled lizard (D:1)
  2 rats
82 creatures vanquished.

Notes
Turn   | Place    | Note
-------+----------+-------------------------------------------
     0 | D:1      | zishaf the Ogre Cinder Acolyte began the quest for the Orb.
     0 | D:1      | Reached XP level 1. HP: 24/24 MP: 2/2
   237 | D:1      | Reached XP level 2. HP: 32/32 MP: 2/4
   297 | D:1      | Learned a level 2 spell: Scorch
   828 | D:1      | You fall into a shaft and drop 1 floor!
  1164 | D:1      | Reached XP level 3. HP: 40/40 MP: 2/5
  1731 | D:2      | Found a faded altar of an unknown god.
  1842 | D:2      | Found a sparkling altar of Nemelex Xobeh.
  2448 | D:3      | Reached XP level 4. HP: 48/49 MP: 2/7
  3104 | D:3      | Found Loclep's Antique Armour Shoppe.
  3180 | D:3      | Found a radiant altar of Vehumet.
  3180 | D:3      | Found an ancient bone altar of Kikubaaqudgha.
  3752 | D:4      | Reached skill level 5 in Fighting
  3752 | D:4      | Reached XP level 5. HP: 55/57 MP: 0/9
  4274 | D:4      | Noticed an ogre
  4277 | D:4      | Killed an ogre
  4278 | D:4      | Reached XP level 6. HP: 47/67 MP: 3/10
  4584 | D:4      | Found the +7 staff of the Meek {protect, meekguard}
  4621 | D:5      | Entered Level 5 of the Dungeon
  4758 | D:5      | HP: 2/67 [kobold brigand/+0 club (3)]
  4759 | D:5      | Mangled by a kobold brigand

Illustrated notes

Levels and vault maps discovered:
D:1:      lemuel_arrival_funnel, layout_basic
D:2:      layout_basic, basic_altar, ebering_ecumenical_altar_abandoned
D:3:      layout_basic, gammafunk_temple_overflow_pools, serial_shops, shop,
          saegor_snake_ambush
D:4:      layout_basic, pf_guarded_unrand_meek
D:5:      minmay_general_purpose_star, layout_loops_ring, kennysheep_little_box,
          minmay_temple_entry_offerings, gammafunk_ghost_grave,
          minmay_misc_feat_rugged, corexii_corridor_pit,
          kennysheep_decorative_pillar, minmay_misc_feat_rows

Skill      XL: |  1  2  3  4  5  6 |
---------------+-------------------+-----
Fire Magic     | 3 4 |  4.1
Maces & Flails | 3 4 |  4.1
Spellcasting   | 2 3 |  3.0
Fighting       | 5 |  5.9

Action                   |  1- 3 |  4- 6 || total
-------------------------+-------+-------++-------
Melee: Mace              |    21 |       ||    21
       Whip              |    34 |    37 ||    71
 Cast: Scorch            |    24 |    49 ||    73
Armor: Robe              |    21 |     7 ||    28
Dodge: Dodged            |    26 |    24 ||    50

Table legend: (Time is in decaauts)
 A = Elapsed time spent in this place.
 B = Non-inter-level travel time spent in this place.
 C = Inter-level travel time spent in this place.
 D = Time resting spent in this place.
 E = Time spent auto-exploring this place.
 F = Levels seen in this place.
 G = Mean time per level.
                   A        B        C        D        E       F      G
               +--------+--------+--------+--------+--------+-----+--------+
         Total |   4779 |   4589 |    190 |     27 |   4079 |   5 |  955.8 |
       Dungeon |   4779 |   4589 |    190 |     27 |   4079 |   5 |  955.8 |
               +--------+--------+--------+--------+--------+-----+--------+

Top non-repeatable levels by time:
     D:1: 1404 daAuts
     D:3: 1167 daAuts
     D:4: 1034 daAuts
     D:2: 1030 daAuts
     D:5: 142 daAuts
